 Dungeon Crawl Stone Soup version 0.29-a0-187-ga23d9638d5 (webtiles) character file.

Game seed: 6884096492524684261

483 cyrus the Chopper (level 7, -2/60 HPs)
             Began as a Hill Orc Fighter on Feb 21, 2022.
             Slain by an ogre (19 damage)
             ... on level 5 of the Dungeon.
             The game lasted 00:08:03 (6399 turns).

cyrus the Chopper (Hill Orc Fighter)                Turns: 6399, Time: 00:08:04

Health: -2/60      AC:  9    Str: 19    XL:     7   Next: 12%
Magic:  7/7        EV:  9    Int: 10    God:
Gold:   249        SH:  4    Dex: 10    Spells: 6/6 levels left

rFire   . . .      SeeInvis .   a - +0 war axe
rCold   . . .      Faith    .   c - +0 buckler
rNeg    . . .      Spirit   .   b - +0 scale mail
rPois   .          Reflect  .   s - +0 helmet
rElec   .          Harm     .   l - +0 cloak
rCorr   .          Rampage  .   (no gloves)
Will    .....                   (no boots)
Stlth   ..........              (no amulet)
HPRegen 0.20/turn               (no ring)
MPRegen 0.10/turn               (no ring)

@: no status effects
A: no striking features
a: no special abilities


You were on level 5 of the Dungeon.
You visited 1 branch of the dungeon, and saw 5 of its levels.

You collected 249 gold pieces.

Inventory:

Hand Weapons
 a - a +0 war axe (weapon)
 u - a +0 trident of flaming
Armour
 b - a +0 scale mail (worn)
 c - a +0 buckler (worn)
 l - a +0 cloak (worn)
 s - a +0 helmet (worn)
Jewellery
 f - a ring of protection from fire
 h - a ring of flight
Wands
 w - a wand of polymorph (6)
Scrolls
 d - 2 scrolls of vulnerability {unknown}
 i - a scroll of noise {unknown}
 j - 3 scrolls of identify {unknown}
 n - a scroll of magic mapping {unknown}
 o - a scroll of fear {unknown}
 p - a scroll of holy word {unknown}
 v - a scroll of blinking {unknown}
Potions
 g - a potion of experience {unknown}
 k - 2 potions of heal wounds {unknown}
 m - 2 potions of curing
 q - a potion of cancellation {unknown}
 r - 3 potions of flight {unknown}
 t - a potion of haste {unknown}


   Skills:
 + Level 4.6 Fighting
 + Level 7.0 Axes
 + Level 5.0 Armour
 + Level 1.0 Dodging
 + Level 1.2 Stealth
 + Level 3.8 Shields


You had 6 spell levels left.
You didn't know any spells.
Your spell library contained the following spells:

 Spells                   Type           Power      Damage    Failure   Level
 Sublimation of Blood     Necr           0%         N/A       91%         2
 Wereblood                Tmut           0%         N/A       91%         2
 Summon Hydra             Summ           0%         N/A       100%        7


Dungeon Overview and Level Annotations

Branches:
Dungeon (5/15)
 Temple: D:4-7

Altars:
Ashenzari
Fedhas
Qazlal
Ru
Sif Muna
Vehumet
Yredelemnul


Message History

You hit something.
Reactivating autopickup.
You feel a bit more experienced.
You have reached level 7!
You slash the orc!
You kill the orc!
You barely miss the orc wizard.
The orc wizard points at you and mumbles some strange words.
You resist with some effort.
You slash the orc wizard!
The orc wizard is heavily wounded.
The orc wizard hits you but does no damage.
The orc hits you but does no damage.
You slash the orc wizard!
You kill the orc wizard!
You closely miss the orc. The orc hits you but does no damage.
Your Axes skill increases to level 7!
Unknown command.
You hit the ogre.
The ogre is lightly wounded.
You slash the orc!
You kill the orc!
The ogre hits you with a +0 giant club!
You slash the ogre!
The ogre is heavily wounded.
You block the ogre's attack.
You hit the ogre.
The ogre is severely wounded.
The ogre hits you with a +0 giant club!
* * * LOW HITPOINT WARNING * * *
You feel better.
You closely miss the ogre.
The ogre is severely wounded.
The ogre hits you with a +0 giant club!
* * * LOW HITPOINT WARNING * * *
Unknown command.
You barely miss the ogre.
The ogre is severely wounded.
The ogre hits you with a +0 giant club!!
You die...

...# .#.#..! ..# #..<...
##.##.# #.# #...#.###
.#.##.# #.# #.......
.#.##.###.#### #.....# #
#.##........###.....#..
.#...........+ .........
.#.##........# #........
...##........# #@.##....
.#.##........###O)......
......###.#..........###
#..#### #....)....###...
+...# ###...)###.# ..
###...).....###...#.. .
o#.##...###. ...#.O..
##....## #. ...# ..#
#..... ..#.###.


You could see an ogre.

Vanquished Creatures
  A necrophage (D:4)
  A scorpion (D:5)
  A wyvern skeleton (D:4)
  A water moccasin zombie (D:5)
  An iguana (D:3)
  3 orc wizards
  3 adders
  2 ufetubi
  An adder skeleton (D:3)
  3 dart slugs
  14 orcs
  10 endoplasms
  2 giant cockroaches
  4 goblins
  6 hobgoblins
  2 jackals (D:2)
  7 kobolds
  4 quokkas
  3 ball pythons
  7 bats
  6 frilled lizards
  A quokka skeleton (D:4)
  2 rats (D:2)
  5 toadstools (D:1)
90 creatures vanquished.

Notes
Turn   | Place    | Note
-------+----------+-------------------------------------------
     0 | D:1      | cyrus the Hill Orc Fighter began the quest for the Orb.
     0 | D:1      | Reached XP level 1. HP: 19/19 MP: 1/1
   771 | D:1      | Reached skill level 3 in Axes
   771 | D:1      | Reached XP level 2. HP: 27/27 MP: 2/2
   797 | D:1      | Found a faded altar of an unknown god.
   807 | D:1      | Prayed at the altar of an unknown god.
   807 | D:1      | Became a worshipper of Vehumet
   807 | D:1      | Reached * piety under Vehumet
   807 | D:1      | Offered knowledge of Freeze by Vehumet.
   808 | D:1      | Fell from the grace of Vehumet
  1761 | D:2      | Reached XP level 3. HP: 33/33 MP: 3/3
  1972 | D:2      | Reached skill level 4 in Axes
  2501 | D:3      | Found a stormy altar of Qazlal.
  2517 | D:3      | Reached XP level 4. HP: 37/40 MP: 4/4
  2603 | D:3      | Found a blossoming altar of Fedhas.
  2823 | D:3      | Found a basalt altar of Yredelemnul.
  2837 | D:3      | Found a shimmering blue altar of Sif Muna.
  4073 | D:3      | Reached XP level 5. HP: 46/46 MP: 5/5
  4414 | D:4      | Reached skill level 5 in Axes
  4938 | D:4      | Found a broken altar of Ashenzari.
  5054 | D:4      | Found a sacrificial altar of Ru.
  5639 | D:4      | Noticed a necrophage
  5653 | D:4      | Killed a necrophage
  5654 | D:4      | Reached skill level 6 in Axes
  5654 | D:4      | Reached skill level 1 in Stealth
  5654 | D:4      | Reached XP level 6. HP: 42/53 MP: 6/6
  5734 | D:5      | Entered Level 5 of the Dungeon
  5755 | D:5      | Reached skill level 5 in Armour
  5934 | D:5      | Noticed a black bear
  5946 | D:5      | Reached skill level 1 in Dodging
  5946 | D:5      | Noticed a hog
  5946 | D:5      | a black bear changed into a hog
  6390 | D:5      | Reached XP level 7. HP: 35/60 MP: 7/7
  6394 | D:5      | Reached skill level 7 in Axes
  6399 | D:5      | Slain by an ogre

Illustrated notes

Levels and vault maps discovered:
D:1:      ldierk_walled_garden, layout_basic, ebering_ecumenical_altar_webs,
          minmay_hexomino_u4
D:2:      layout_loops_ring
D:3:      layout_loops_cross, amcnicky_altar_gilded,
          mainiacjoe_overflow_cross_hatched, fedhas_altar_2,
          nicolae_sif_muna_condensation, kennysheep_generic_room_5
D:4:      layout_basic, nicolae_ru_great_annihilating_truth,
          mainiacjoe_overflow_tiny_flanked, lemuel_old_faithful
D:5:      nicolae_BIG_FREAKIN_CUBE, layout_basic,
          nicolae_tso_swordbearing_angel, minmay_a_box_with_orc_wizards_in_it

Skill      XL: |  1  2  3  4  5  6  7 |
---------------+----------------------+-----
Axes           | 3 4 6 7 |  7.0
Armour         | 4 5 |  5.0
Fighting       | 4 |  4.6
Stealth        | 1 |  1.2
Dodging        | 1 |  1.0
Shields        | |  3.8

Action                   |  1- 3 |  4- 6 |  7- 9 || total
-------------------------+-------+-------+-------++-------
Melee: War axe           |    91 |   149 |     9 ||   249
Invok: Renounce Religion |     1 |       |       ||     1
Evoke: Wand              |       |     1 |       ||     1
  Use: Potion            |       |     2 |     1 ||     3
       Scroll            |       |     2 |       ||     2
 Stab: Paralysed         |       |     1 |       ||     1
Armor: Scale mail        |    46 |    92 |     3 ||   141
Dodge: Dodged            |    37 |    78 |       ||   115
Block: Buckler           |    22 |    33 |     1 ||    56

Table legend: (Time is in decaauts)
 A = Elapsed time spent in this place.
 B = Non-inter-level travel time spent in this place.
 C = Inter-level travel time spent in this place.
 D = Time resting spent in this place.
 E = Time spent auto-exploring this place.
 F = Levels seen in this place.
 G = Mean time per level.
                   A        B        C        D        E       F      G
               +--------+--------+--------+--------+--------+-----+--------+
         Total |   6475 |   6423 |     52 |   2304 |   3170 |   5 | 1295.0 |
       Dungeon |   6475 |   6423 |     52 |   2304 |   3170 |   5 | 1295.0 |
               +--------+--------+--------+--------+--------+-----+--------+

Top non-repeatable levels by time:
     D:3: 1896 daAuts
     D:1: 1715 daAuts
     D:4: 1373 daAuts
     D:2: 816 daAuts
     D:5: 674 daAuts
